 Dungeon Crawl Stone Soup version 0.17-a0-1404-gb8113a6 (webtiles) character file.

61 Geeful the Insei (level 4, 0/28 HPs)
             Began as an Octopode Transmuter on June 21, 2015.
             Slain by a goblin
             ... wielding a +0 club
             ... led by Robin
              (4 damage)
             ... on level 2 of the Dungeon.
             The game lasted 00:06:08 (1519 turns).

Geeful the Insei (Octopode Transmuter)              Turns: 1519, Time: 00:06:08

Health: 0/28       AC:  1    Str: 10    XL:     4   Next: 7%
Magic:  7/7        EV: 12    Int: 15    God:
Gold:   53         SH:  0    Dex: 12    Spells: 2 memorised, 4 levels left

rFire  . . .     SeeInvis .       - Unarmed
rCold  . . .     Clarity  .     (no shield)
rNeg   + . .     SustAt   .     (helmet restricted)
rPois  .         Gourm    .     (no amulet)
rElec  .         Spirit   .     m - ring of positive energy
rCorr  .         Warding  .     (no ring)
rMut   .         Stasis   .     (no ring)
MR     .....                    (no ring)
Stlth  ++........               (no ring)
                                (no ring)
                                (no ring)
                                (no ring)

@: not resistant to hostile enchantments, unstealthy
A: almost no armour, amphibious, 8 rings, constrict 8, camouflage 1, gelatinous
body 1
a: no special abilities


You were on level 2 of the Dungeon.
You were not hungry.

You visited 1 branch of the dungeon, and saw 2 of its levels.

You collected 53 gold pieces.

Inventory:

Missiles
 a - 25 arrows
Jewellery
 m - a ring of positive energy (left tentacle)
Scrolls
 f - a scroll of identify
Potions
 e - a potion of beneficial mutation {unknown}
 g - 2 potions of heal wounds {unknown}
Books
 b - a book of Changes

   Spells                             Type                      Level
   a - Beastly Appendage              Transmutation                1
   b - Sticks to Snakes               Transmutation                2
   c - Spider Form                    Transmutation/Poison         3
   d - Ice Form                       Ice/Transmutation            4
   e - Blade Hands                    Transmutation                5
Comestibles
 c - 2 bread rations
 d - 2 fruits
 i - 2 meat rations
 k - 6 chunks of flesh


   Skills:
 - Level 1.0 Fighting
 - Level 2.0 Dodging
 + Level 4.8 Unarmed Combat
 - Level 2.0 Spellcasting
 - Level 2.0 Transmutations


You had 4 spell levels left.
You knew the following spells:

 Your Spells              Type           Power        Failure   Level  Hunger
a - Beastly Appendage     Trmt           #.....       12%         1    #......
b - Sticks to Snakes      Trmt           #.........   14%         2    ###....


Dungeon Overview and Level Annotations

Branches:
Dungeon (2/15)

Altars:

Annotations:
D:2 Robin


Innate Abilities, Weirdness & Mutations

You cannot wear most types of armour.
You are amphibious.
You can wear up to eight rings at the same time.
You can use your tentacles to constrict eight enemies at once.
Your skin changes colour to match your surroundings (Stealth).
Your rubbery body absorbs attacks (AC +1).


Message History

No target in view!
A hobgoblin comes into view.
Things that are here:
a club; a dagger A goblin comes into view.
It is wielding a club. 2 goblins, a hobgoblin and Robin come into view.
Robin shouts!
The goblin shouts!
Robin throws the goblin at you! The goblin hits you with a club.
The goblin shouts!
Found a scale mail.
Found a stone staircase leading up.
The hobgoblin shouts!
The goblin misses you. The goblin hits you with a dagger.
The goblin hits you with a club. The goblin hits you with a dagger.
* * * LOW HITPOINT WARNING * * *
The goblin hits you but does no damage. Robin throws the goblin at you!
* * * LOW HITPOINT WARNING * * *
The goblin hits you with a club.
You die...

# #.........# #
#.#.......# .....
# #.#..#...##
.... #
#.#..#...####...#
..#..#...##.##.#
..............$#
............?...#
....##+##)##.##g#
##.. #.#.gg.@# #
#....#### #.#g##
#.#g# ..#.#
..##.# ..# #.#
#[# #g# #. #.#


You could see a hobgoblin and 2 goblins.

Vanquished Creatures
  An adder (D:2)
  An ooze (D:1)
  3 bats
  A giant cockroach (D:2)
  5 goblins
  7 hobgoblins
  5 jackals
  4 kobolds
  3 giant newts
  7 rats
37 creatures vanquished.

Vanquished Creatures (collateral kills)
  2 adders (D:2)
2 creatures vanquished.

Grand Total: 39 creatures vanquished

Notes
Turn   | Place    | Note
--------------------------------------------------------------
     0 | D:1      | Geeful the Octopode Transmuter began the quest for the Orb.
     0 | D:1      | Reached XP level 1. HP: 13/13 MP: 3/3
   367 | D:1      | Reached XP level 2. HP: 12/18 MP: 5/5
   979 | D:1      | Reached skill level 4 in Unarmed Combat
  1064 | D:1      | Reached XP level 3. HP: 16/23 MP: 4/6
  1147 | D:2      | Learned a level 2 spell: Sticks to Snakes
  1433 | D:2      | Reached XP level 4. HP: 28/28 MP: 7/7
  1514 | D:2      | Noticed Robin
  1519 | D:2      | Slain by a goblin

Vault maps used:
D:1:      dpeg_arrival_central
D:2:      lemuel_round_altar, lemuel_zombie_altar_kikubaaqudgha,
          minmay_misc_feat_room, hangedman_feature_mirror, uniq_robin

Action                   |  1- 3 |  4- 6 || total
-------------------------+-------+-------++-------
Melee: Unarmed           |    78 |     8 ||    86
 Cast: Beastly Appendage |     8 |       ||     8
       Sticks to Snakes  |     4 |       ||     4
  Use: Scroll            |       |     4 ||     4
 Stab: Sleeping          |     5 |       ||     5
  Eat: Chunk             |     2 |       ||     2
